Blackdemons vs Rafales
Created - 8 janvier 2017 at 19:08
Goals
|
| Blackdemons |
0 |
1 |
0 |
1 |
| Rafales |
1 |
1 |
2 |
4 |
|
Shots
|
| Blackdemons |
13 |
8 |
5 |
26 |
| Rafales |
2 |
12 |
15 |
29 |
|
1st period
1. Rafales , Cody McLeod 26 (Milan Bartovic) at 1:36
Penalties :
Cody McLeod (Stf) for Hooking (Minor) at 18:54
2nd period
2. Blackdemons , Bryan Rust 4 (Matt Irwin, Andrew MacDonald) at 3:29
3. Rafales , Mike Zigomanis 25 (Cody McLeod) at 17:58
Penalties :
Milan Bartovic (Stf) for Tripping (Minor) at 6:48
3rd period
4. Rafales , Mike Sislo 11 (Nathan Davis, Willie Mitchell) at 1:46 (PP)
5. Rafales , Cody McLeod 27 (Mike Zigomanis, Milan Bartovic) at 9:15
Penalties :
Andrew MacDonald (MJM) for Hooking (Minor) at 0:28, Kyle Rau (MJM) for Tripping (Minor) at 2:15, Noel Acciari (MJM) for Slashing (Minor) at 16:44
Goalie Stats
Matt Hackett (MJM), 10 saves from 10 shots - (1,000), 10:45 minutes
Sebastien Caron (MJM), 15 saves from 19 shots - (0,789), L, 8-16-2, 49:15 minutes
Philipp Grubauer (Stf), 25 saves from 26 shots - (0,962), W, 4-3-1, 60:00 minutes
Players Stats for Blackdemons
Player Name G A P +/- PIM S H SB GA TA FO MP PP MP PK MP
------------------------------------------------------------------------------------
Andreas Martinsen 0 0 0 0 0 1 3 0 0 0 0/0 19:39 1:45 1:28
Andrew MacDonald 0 1 1 0 2 3 1 4 0 1 0/0 23:45 2:25 2:22
Ben Maxwell 0 0 0 -1 0 2 1 0 0 0 8/12 13:21 2:02 3:03
Blake Pietila 0 0 0 -2 0 1 1 0 0 0 2/2 15:52 0:00 0:51
Bryan Rust 1 0 1 0 0 2 2 1 0 0 0/0 17:17 0:51 0:00
Calvin de Haan 0 0 0 -2 0 1 1 0 0 0 0/0 18:37 1:33 0:00
Dan Bertram 0 0 0 0 0 0 0 0 0 0 0/0 11:46 1:52 0:00
Igor Makarov 0 0 0 0 0 0 2 1 0 0 0/0 8:03 1:03 0:00
Jeffrey Foss 0 0 0 0 0 1 1 0 1 0 0/0 17:07 1:33 2:34
Kyle Rau 0 0 0 0 2 2 1 0 0 1 2/7 16:25 0:00 0:00
Matt Hunwick 0 0 0 -2 0 2 0 1 1 0 0/0 18:55 0:00 2:03
Matt Irwin 0 1 1 0 0 7 3 2 4 1 0/0 23:00 2:25 0:51
Max Friberg 0 0 0 -1 0 1 1 1 0 0 0/0 11:18 0:37 0:13
Noel Acciari 0 0 0 -1 2 0 1 0 0 1 9/20 18:19 0:04 1:03
Scott Wilson 0 0 0 0 0 0 3 0 0 0 0/0 11:12 0:00 0:15
Sergei Plotnikov 0 0 0 -1 0 0 0 0 1 1 1/3 21:23 2:03 2:42
Steve Oleksy 0 0 0 0 0 2 0 0 0 0 0/0 16:14 0:00 2:42
Steven Zalewski 0 0 0 0 0 1 2 0 0 0 3/4 12:16 1:37 0:57
Players Stats for Rafales
Player Name G A P +/- PIM S H SB GA TA FO MP PP MP PK MP
------------------------------------------------------------------------------------
Cody McLeod 2 1 3 3 2 7 5 1 0 0 4/4 19:48 2:57 0:56
Connor Murphy 0 0 0 -1 0 0 0 1 0 0 0/0 17:37 2:56 1:33
Jeff Skinner 0 0 0 -1 0 1 2 0 0 0 0/0 17:15 0:06 1:58
Johan Ryno 0 0 0 0 0 1 0 0 0 0 0/0 10:16 0:44 0:00
Jonathan Rheault 0 0 0 -1 0 3 2 1 0 1 0/0 16:19 1:24 0:00
Julian Melchiori 0 0 0 2 0 2 0 1 0 2 0/0 16:32 0:00 0:00
Kevin Veilleux 0 0 0 0 0 1 0 0 0 0 1/2 10:45 0:15 0:00
Marc-André Gragnani 0 0 0 2 0 2 2 1 1 0 0/0 21:11 1:26 1:33
Mark Fayne 0 0 0 -1 0 0 1 1 0 0 0/0 12:58 0:54 0:00
Matt Gilroy 0 0 0 1 0 0 3 4 0 1 0/0 25:57 2:56 2:25
Michael Bournival 0 0 0 0 0 0 1 0 0 0 0/0 10:49 0:46 0:37
Mike Sislo 1 0 1 0 0 2 3 0 1 0 0/0 11:51 1:27 0:00
Mike Zigomanis 1 1 2 3 0 1 3 0 1 1 14/31 21:17 2:53 2:22
Milan Bartovic 0 2 2 3 2 3 3 0 0 0 1/1 18:40 2:53 0:00
Nathan Davis 0 1 1 -1 0 4 2 0 0 0 2/7 17:43 1:24 1:24
Petr Kalus 0 0 0 0 0 0 2 0 1 0 1/3 10:53 0:44 0:39
Tim Crowder 0 0 0 0 0 0 0 0 1 0 0/0 10:45 0:15 0:00
Willie Mitchell 0 1 1 1 0 2 1 6 0 2 0/0 25:05 2:20 2:25
3 Stars
1 - Cody McLeod (Stf)
2 - Mike Zigomanis (Stf)
3 - Philipp Grubauer (Stf)
Power Play
Blackdemons - 0 on 2 Attempt(s) - 0,00%
Rafales - 1 on 4 Attempt(s) - 25,00%
Penalty Kill
Blackdemons - 3 on 4 Attempt(s) - 75,00%
- Score 0 goal in Penalty Kill
Rafales - 2 on 2 Attempt(s) - 100,00%
- Score 0 goal in Penalty Kill
Team Stat
Blackdemons - Hits : 23 - Faceoff Wins : 25 - Blocked Shots : 10 - Penalty Minutes : 6
Rafales - Hits : 30 - Faceoff Wins : 23 - Blocked Shots : 16 - Penalty Minutes : 4
Official
Referees : Auger Stephane and Fraser Kerry
Linesman : Pierre Racicot and Vaughan Rody
Game Notes
Igor Makarov is injured at 5:06 of 2nd period (Bruised Left Arm)
17:48 of 2nd period - Penalty Shot by Matt Hunwick for Blackdemons - Stopped by Philipp Grubauer
Matt Hackett enters game at 9:15 of 3rd period
Finance
Level 1 -- Attendance: 1572 (78,60%) -- Ticket Income 55 020 $
Level 2 -- Attendance: 781 (78,10%) -- Ticket Income 11 715 $
Total Attendance: 2353 (78,43%)
Total Ticket Income: 66 735 $
Other Income: 3 337 $
Total Income: 70 072 $
Blackdemons
5 vs 5 Forward
Center Left Wing Right Wing Time % Phy DF OF
1 Noel Acciari Sergei Plotnikov Igor Makarov 40 1 2 2
2 Kyle Rau Andreas Martinsen Bryan Rust 30 1 2 2
3 Ben Maxwell Blake Pietila Max Friberg 20 1 2 2
4 Steven Zalewski Scott Wilson Dan Bertram 10 1 2 2
5 vs 5 Defense
Defense Defense Time % Phy DF OF
1 Matt Irwin Andrew MacDonald 40 1 2 2
2 Matt Hunwick Calvin de Haan 30 1 2 2
3 Jeffrey Foss Steve Oleksy 20 1 2 2
4 Jeffrey Foss Steve Oleksy 10 1 2 2
PowerPlay Forward
Center Left Wing Right Wing Time % Phy DF OF
1 Ben Maxwell Sergei Plotnikov Igor Makarov 60 1 2 2
2 Steven Zalewski Andreas Martinsen Dan Bertram 40 1 2 2
PowerPlay Defense
Defense Defense Time % Phy DF OF
1 Matt Irwin Andrew MacDonald 60 1 2 2
2 Jeffrey Foss Calvin de Haan 40 1 2 2
Penalty Kill 4 Players Forward
Center Wing Time % Phy DF OF
1 Ben Maxwell Igor Makarov 60 1 2 2
2 Steven Zalewski Dan Bertram 40 1 2 2
Penalty Kill 4 Players Defense
Defense Defense Time % Phy DF OF
1 Matt Hunwick Steve Oleksy 60 1 2 2
2 Jeffrey Foss Andrew MacDonald 40 1 2 2
Penalty Kill - 3 Players Forward
Forward Time % Phy DF OF
1 Steven Zalewski 60 1 2 2
2 Ben Maxwell 40 1 2 2
Penalty Kill - 3 Players Defense
Defense Defense Time % Phy DF OF
1 Matt Hunwick Steve Oleksy 60 1 2 2
2 Jeffrey Foss Andrew MacDonald 40 1 2 2
4 vs 4 Forward
Center Wing Time % Phy DF OF
1 Ben Maxwell Igor Makarov 60 1 2 2
2 Steven Zalewski Dan Bertram 40 1 2 2
4 vs 4 Defense
Defense Defense Time % Phy DF OF
1 Matt Irwin Andrew MacDonald 60 1 2 2
2 Matt Hunwick Calvin de Haan 40 1 2 2
Last Minutes Offensive
Center Left Wing Right Wing Defense Defense
Ben Maxwell Sergei Plotnikov Igor Makarov Matt Irwin Andrew MacDonald
Last Minutes Defensive
Center Left Wing Right Wing Defense Defense
Steven Zalewski Sergei Plotnikov Igor Makarov Matt Hunwick Andrew MacDonald
Goaltenders
Starting : Sebastien Caron
Backup : Matt Hackett
Extra Forwards
Normal : Blake Pietila, Max Friberg, Scott Wilson - PP : Bryan Rust, Max Friberg - PK : Sergei Plotnikov
Extra Defensemen
Normal : Matt Irwin, Andrew MacDonald, Calvin de Haan - PP : Matt Hunwick - PK : Matt Irwin, Calvin de Haan
Penalty Shots
Igor Makarov, Steven Zalewski, Ben Maxwell, Sergei Plotnikov, Dan Bertram
Rafales
5 vs 5 Forward
Center Left Wing Right Wing Time % Phy DF OF
1 Mike Zigomanis Cody McLeod Milan Bartovic 40 0 0 5
2 Nathan Davis Jeff Skinner Jonathan Rheault 30 0 0 5
3 Kevin Veilleux Mike Sislo Tim Crowder 20 0 2 3
4 Petr Kalus Michael Bournival Johan Ryno 10 0 1 4
5 vs 5 Defense
Defense Defense Time % Phy DF OF
1 Willie Mitchell Matt Gilroy 40 0 3 2
2 Julian Melchiori Marc-André Gragnani 30 0 3 2
3 Mark Fayne Connor Murphy 20 0 4 1
4 Willie Mitchell Matt Gilroy 10 0 2 3
PowerPlay Forward
Center Left Wing Right Wing Time % Phy DF OF
1 Mike Zigomanis Cody McLeod Milan Bartovic 60 0 0 5
2 Nathan Davis Mike Sislo Jonathan Rheault 40 0 0 5
PowerPlay Defense
Defense Defense Time % Phy DF OF
1 Connor Murphy Matt Gilroy 60 0 2 3
2 Willie Mitchell Marc-André Gragnani 40 0 2 3
Penalty Kill 4 Players Forward
Center Wing Time % Phy DF OF
1 Mike Zigomanis Cody McLeod 60 0 4 1
2 Milan Bartovic Nathan Davis 40 0 4 0
Penalty Kill 4 Players Defense
Defense Defense Time % Phy DF OF
1 Willie Mitchell Matt Gilroy 60 0 5 0
2 Connor Murphy Marc-André Gragnani 40 0 5 0
Penalty Kill - 3 Players Forward
Forward Time % Phy DF OF
1 Mike Zigomanis 60 0 5 0
2 Cody McLeod 40 0 5 0
Penalty Kill - 3 Players Defense
Defense Defense Time % Phy DF OF
1 Willie Mitchell Matt Gilroy 60 1 4 0
2 Mark Fayne Marc-André Gragnani 40 1 4 0
4 vs 4 Forward
Center Wing Time % Phy DF OF
1 Mike Zigomanis Cody McLeod 60 0 2 3
2 Milan Bartovic Nathan Davis 40 0 2 3
4 vs 4 Defense
Defense Defense Time % Phy DF OF
1 Connor Murphy Matt Gilroy 60 0 3 2
2 Mark Fayne Marc-André Gragnani 40 0 3 2
Last Minutes Offensive
Center Left Wing Right Wing Defense Defense
Mike Zigomanis Cody McLeod Milan Bartovic Connor Murphy Matt Gilroy
Last Minutes Defensive
Center Left Wing Right Wing Defense Defense
Mike Zigomanis Cody McLeod Milan Bartovic Willie Mitchell Mark Fayne
Goaltenders
Starting : Philipp Grubauer
Backup : John Gibson
Extra Forwards
Normal : Cody McLeod, Jeff Skinner, Mike Zigomanis - PP : Cody McLeod, Jeff Skinner - PK : Mike Zigomanis
Extra Defensemen
Normal : Matt Gilroy, Connor Murphy, Mark Fayne - PP : Matt Gilroy - PK : Willie Mitchell, Mark Fayne
Penalty Shots
Mike Zigomanis, Cody McLeod, Milan Bartovic, Nathan Davis, Jeff Skinner
% Time on Ice - Blackdemons
Lines # - Real PCT - Wanted PCT - Time Play
Normal Forward
1 - 34% - 40% - 17:07
2 - 32% - 30% - 16:26
3 - 15% - 20% - 7:49
4 - 19% - 10% - 9:24
Normal Defense
1 - 39% - 40% - 19:55
2 - 34% - 30% - 17:09
3 - 19% - 20% - 9:33
4 - 8% - 10% - 4:09
PP Forward
1 - 59% - 60% - 2:21
2 - 41% - 40% - 1:37
PP Defense
1 - 61% - 60% - 2:25
2 - 39% - 40% - 1:33
PK Forward
1 - 100% - 60% - 5:16
2 - 0% - 40% - 0:00
PK Defense
1 - 49% - 60% - 2:34
2 - 51% - 40% - 2:42
PK3 Forward
1 - 0% - 60%
2 - 0% - 40%
PK3 Defense
1 - 0% - 60%
2 - 0% - 40%
44 Forward
1 - 0% - 60%
2 - 0% - 40%
44 Defense
1 - 0% - 60%
2 - 0% - 40%
Last Minute Offensive - 0:00
Last Minute Defensive - 0:00
Total
Forward - 60:00
Defense - 60:00
|
% Time on Ice - Rafales
Lines # - Real PCT - Wanted PCT - Time Play
Normal Forward
1 - 32% - 40% - 16:27
2 - 29% - 30% - 14:55
3 - 20% - 20% - 10:19
4 - 18% - 10% - 9:05
Normal Defense
1 - 36% - 40% - 18:31
2 - 36% - 30% - 18:16
3 - 23% - 20% - 11:46
4 - 4% - 10% - 2:13
PP Forward
1 - 73% - 60% - 3:52
2 - 27% - 40% - 1:24
PP Defense
1 - 73% - 60% - 3:50
2 - 27% - 40% - 1:26
PK Forward
1 - 84% - 60% - 3:20
2 - 16% - 40% - 0:38
PK Defense
1 - 61% - 60% - 2:25
2 - 39% - 40% - 1:33
PK3 Forward
1 - 0% - 60%
2 - 0% - 40%
PK3 Defense
1 - 0% - 60%
2 - 0% - 40%
44 Forward
1 - 0% - 60%
2 - 0% - 40%
44 Defense
1 - 0% - 60%
2 - 0% - 40%
Last Minute Offensive - 0:00
Last Minute Defensive - 0:00
Total
Forward - 60:00
Defense - 60:00
|
Play by Play
1st period
0:01 of 1st period - Mike Zigomanis wins face-off versus Sergei Plotnikov in neutral zone.
0:26 of 1st period - Andrew MacDonald is hit by Mike Sislo and loses puck.
0:45 of 1st period - Snap shot by Andrew MacDonald.
0:45 of 1st period - Stopped by Philipp Grubauer with a rebound.
0:53 of 1st period - Sergei Plotnikov is hit by Nathan Davis and loses puck.
1:29 of 1st period - Snap shot by Ben Maxwell.
1:29 of 1st period - Stopped by Philipp Grubauer without a rebound.
1:30 of 1st period - Cody McLeod wins face-off versus Ben Maxwell in Rafales zone.
1:30 of 1st period - Cody McLeod is hit by Blake Pietila.
1:36 of 1st period - Slapshot by Cody McLeod.
1:36 of 1st period - Goal by Cody McLeod - Blackdemons : 0 - Rafales : 1.
1:37 of 1st period - Steven Zalewski wins face-off versus Nathan Davis in neutral zone.
1:40 of 1st period - Wrist shot by Dan Bertram.
1:40 of 1st period - Shot Blocked by Willie Mitchell.
1:42 of 1st period - Slapshot by Jeffrey Foss.
1:42 of 1st period - Deflect By Matt Gilroy.
1:42 of 1st period - Stopped by Philipp Grubauer with a rebound.
1:44 of 1st period - Slapshot by Jeffrey Foss.
1:44 of 1st period - Shot Blocked by Matt Gilroy.
1:46 of 1st period - Snap shot by Dan Bertram.
1:46 of 1st period - Shot Blocked by Willie Mitchell.
1:48 of 1st period - Slapshot by Steve Oleksy.
1:48 of 1st period - Stopped by Philipp Grubauer with a rebound.
1:52 of 1st period - Slapshot by Steve Oleksy.
1:52 of 1st period - Shot Blocked by Matt Gilroy.
2:02 of 1st period - Kyle Rau is hit by Milan Bartovic and loses puck.
3:03 of 1st period - Slapshot by Matt Irwin.
3:03 of 1st period - Stopped by Philipp Grubauer with a rebound.
3:23 of 1st period - Milan Bartovic is hit by Matt Irwin and loses puck.
4:46 of 1st period - Milan Bartovic is hit by Bryan Rust and loses puck.
4:55 of 1st period - Snap shot by Calvin de Haan.
4:55 of 1st period - Shot Misses the Net.
5:37 of 1st period - Mike Sislo is hit by Ben Maxwell and loses puck.
6:21 of 1st period - Slapshot by Steve Oleksy.
6:21 of 1st period - Shot Misses the Net.
6:23 of 1st period - Slapshot by Steve Oleksy.
6:23 of 1st period - Shot Misses the Net.
6:43 of 1st period - Wrist shot by Tim Crowder.
6:43 of 1st period - Shot Misses the Net.
7:08 of 1st period - Wrist shot by Steven Zalewski.
7:08 of 1st period - Shot Blocked by Jonathan Rheault.
7:10 of 1st period - Slapshot by Calvin de Haan.
7:10 of 1st period - Shot Blocked by Marc-André Gragnani.
7:20 of 1st period - Cody McLeod is hit by Bryan Rust and loses puck.
8:29 of 1st period - Icing by Willie Mitchell.
8:30 of 1st period - Ben Maxwell wins face-off versus Kevin Veilleux in Rafales zone.
8:43 of 1st period - Mike Sislo is hit by Andreas Martinsen and loses puck.
9:31 of 1st period - Slapshot by Andrew MacDonald.
9:31 of 1st period - Shot Misses the Net.
9:59 of 1st period - Mike Zigomanis is hit by Andreas Martinsen and loses puck.
10:14 of 1st period - Snap shot by Dan Bertram.
10:14 of 1st period - Shot Blocked by Willie Mitchell.
10:16 of 1st period - Slapshot by Steve Oleksy.
10:16 of 1st period - Shot Blocked by Matt Gilroy.
10:18 of 1st period - Slapshot by Steve Oleksy.
10:18 of 1st period - Deflect By Jonathan Rheault.
10:18 of 1st period - Stopped by Philipp Grubauer without a rebound.
10:19 of 1st period - Noel Acciari wins face-off versus Nathan Davis in Rafales zone.
10:24 of 1st period - Snap shot by Matt Irwin.
10:24 of 1st period - Stopped by Philipp Grubauer with a rebound.
10:44 of 1st period - Andrew MacDonald is hit by Milan Bartovic and loses puck.
10:49 of 1st period - Snap shot by Cody McLeod.
10:49 of 1st period - Shot Misses the Net.
11:07 of 1st period - Slapshot by Andrew MacDonald.
11:07 of 1st period - Deflect By Ben Maxwell.
11:07 of 1st period - Stopped by Philipp Grubauer with a rebound.
11:09 of 1st period - Snap shot by Max Friberg.
11:09 of 1st period - Stopped by Philipp Grubauer without a rebound.
11:10 of 1st period - Ben Maxwell wins face-off versus Petr Kalus in Rafales zone.
11:42 of 1st period - Snap shot by Cody McLeod.
11:42 of 1st period - Deflect By Mike Zigomanis.
11:42 of 1st period - Shot Misses the Net.
11:42 of 1st period - Puck is out of play.
11:43 of 1st period - Noel Acciari wins face-off versus Mike Zigomanis in Blackdemons zone.
11:56 of 1st period - Igor Makarov is hit by Mike Zigomanis and loses puck.
12:31 of 1st period - Matt Hunwick is hit by Mike Sislo and loses puck.
12:54 of 1st period - Snap shot by Steven Zalewski.
12:54 of 1st period - Deflect By Michael Bournival.
12:54 of 1st period - Stopped by Philipp Grubauer without a rebound.
12:55 of 1st period - Steven Zalewski wins face-off versus Petr Kalus in Rafales zone.
13:19 of 1st period - Slapshot by Matt Irwin.
13:19 of 1st period - Shot Blocked by Julian Melchiori.
13:21 of 1st period - Backhand shot by Matt Irwin.
13:21 of 1st period - Shot Misses the Net.
13:25 of 1st period - Slapshot by Steven Zalewski.
13:25 of 1st period - Shot Misses the Net.
13:27 of 1st period - Wrist shot by Steven Zalewski.
13:27 of 1st period - Shot Misses the Net.
13:29 of 1st period - Slapshot by Matt Irwin.
13:29 of 1st period - Deflect By Dan Bertram.
13:29 of 1st period - Shot Misses the Net.
13:29 of 1st period - Puck is out of play.
13:30 of 1st period - Mike Zigomanis wins face-off versus Noel Acciari in Rafales zone.
13:36 of 1st period - Off-side.
13:37 of 1st period - Cody McLeod wins face-off versus Noel Acciari in neutral zone.
13:50 of 1st period - Willie Mitchell is hit by Igor Makarov and loses puck.
14:42 of 1st period - Icing by Mike Sislo.
14:43 of 1st period - Petr Kalus wins face-off versus Noel Acciari in Rafales zone.
15:14 of 1st period - Snap shot by Andreas Martinsen.
15:14 of 1st period - Stopped by Philipp Grubauer without a rebound.
15:15 of 1st period - Mike Zigomanis wins face-off versus Kyle Rau in Rafales zone.
15:22 of 1st period - Calvin de Haan is hit by Willie Mitchell and loses puck.
16:52 of 1st period - Snap shot by Cody McLeod.
16:52 of 1st period - Shot Blocked by Matt Irwin.
16:56 of 1st period - Snap shot by Milan Bartovic.
16:56 of 1st period - Stopped by Sebastien Caron with a rebound.
16:58 of 1st period - Wrist shot by Mike Zigomanis.
16:58 of 1st period - Shot Misses the Net.
17:08 of 1st period - Matt Gilroy is hit by Igor Makarov.
17:47 of 1st period - Milan Bartovic is hit by Steven Zalewski.
17:59 of 1st period - Mike Zigomanis is hit by Steven Zalewski and loses puck.
18:12 of 1st period - Wrist shot by Sergei Plotnikov.
18:12 of 1st period - Shot Misses the Net.
18:36 of 1st period - Slapshot by Andreas Martinsen.
18:36 of 1st period - Shot Misses the Net.
18:38 of 1st period - Wrist shot by Matt Hunwick.
18:38 of 1st period - Stopped by Philipp Grubauer with a rebound.
18:40 of 1st period - Slapshot by Matt Hunwick.
18:40 of 1st period - Stopped by Philipp Grubauer without a rebound.
18:41 of 1st period - Mike Zigomanis wins face-off versus Noel Acciari in Rafales zone.
18:48 of 1st period - Andrew MacDonald is hit by Cody McLeod and loses puck.
18:54 of 1st period - Minor Penalty to Cody McLeod for Hooking.
18:55 of 1st period - Ben Maxwell wins face-off versus Mike Zigomanis in Rafales zone.
18:57 of 1st period - Wrist shot by Igor Makarov.
18:57 of 1st period - Shot Misses the Net.
19:11 of 1st period - Snap shot by Mike Zigomanis.
19:11 of 1st period - Shot Misses the Net.
Goals for this period are 0 for Blackdemons vs 1 for Rafales.
Shots for this period are 13 for Blackdemons vs 2 for Rafales.
2nd period
0:01 of 2nd period - Mike Zigomanis wins face-off versus Ben Maxwell in neutral zone.
0:04 of 2nd period - Andrew MacDonald is hit by Jeff Skinner and loses puck.
0:13 of 2nd period - Slapshot by Matt Irwin.
0:13 of 2nd period - Stopped by Philipp Grubauer with a rebound.
0:15 of 2nd period - Snap shot by Sergei Plotnikov.
0:15 of 2nd period - Shot Blocked by Willie Mitchell.
0:45 of 2nd period - Snap shot by Nathan Davis.
0:45 of 2nd period - Deflect By Michael Bournival.
0:45 of 2nd period - Shot Misses the Net.
0:45 of 2nd period - Puck is out of play.
0:46 of 2nd period - Nathan Davis wins face-off versus Sergei Plotnikov in Blackdemons zone.
0:54 of 2nd period - Penalty to Cody McLeod is over, Cody McLeod is back on ice.
2:47 of 2nd period - Snap shot by Kevin Veilleux.
2:47 of 2nd period - Stopped by Sebastien Caron without a rebound.
2:48 of 2nd period - Mike Zigomanis wins face-off versus Steven Zalewski in Blackdemons zone.
2:53 of 2nd period - Wrist shot by Cody McLeod.
2:53 of 2nd period - Deflect By Milan Bartovic.
2:53 of 2nd period - Shot Misses the Net.
2:53 of 2nd period - Puck is out of play.
2:54 of 2nd period - Noel Acciari wins face-off versus Mike Zigomanis in Blackdemons zone.
2:59 of 2nd period - Mike Zigomanis is hit by Noel Acciari and loses puck.
3:25 of 2nd period - Slapshot by Andrew MacDonald.
3:25 of 2nd period - Shot Hit the Post.
3:27 of 2nd period - Slapshot by Matt Irwin.
3:27 of 2nd period - Stopped by Philipp Grubauer with a rebound.
3:29 of 2nd period - Snap shot by Bryan Rust.
3:29 of 2nd period - Goal by Bryan Rust - Blackdemons : 1 - Rafales : 1.
3:30 of 2nd period - Mike Zigomanis wins face-off versus Noel Acciari in neutral zone.
3:45 of 2nd period - Snap shot by Igor Makarov.
3:45 of 2nd period - Shot Blocked by Cody McLeod.
4:04 of 2nd period - Wrist shot by Nathan Davis.
4:04 of 2nd period - Shot Misses the Net.
5:06 of 2nd period - Snap shot by Cody McLeod.
5:06 of 2nd period - Shot Blocked by Igor Makarov.
5:06 of 2nd period - Igor Makarov from Blackdemons is injured at 5:06 of 2nd period (Bruised Left Arm).
5:07 of 2nd period - Noel Acciari wins face-off versus Mike Zigomanis in Blackdemons zone.
5:20 of 2nd period - Wrist shot by Mike Zigomanis.
5:20 of 2nd period - Shot Blocked by Matt Hunwick.
5:23 of 2nd period - Icing by Matt Hunwick.
5:24 of 2nd period - Noel Acciari wins face-off versus Nathan Davis in Blackdemons zone.
5:51 of 2nd period - Noel Acciari is hit by Matt Gilroy and loses puck.
6:00 of 2nd period - Backhand shot by Cody McLeod.
6:00 of 2nd period - Stopped by Sebastien Caron without a rebound.
6:01 of 2nd period - Kyle Rau wins face-off versus Mike Zigomanis in Blackdemons zone.
6:12 of 2nd period - Snap shot by Cody McLeod.
6:12 of 2nd period - Stopped by Sebastien Caron without a rebound.
6:13 of 2nd period - Mike Zigomanis wins face-off versus Kyle Rau in Blackdemons zone.
6:18 of 2nd period - Snap shot by Cody McLeod.
6:18 of 2nd period - Deflect By Mike Zigomanis.
6:18 of 2nd period - Shot Blocked by Andrew MacDonald.
6:18 of 2nd period - Puck is out of play.
6:19 of 2nd period - Mike Zigomanis wins face-off versus Kyle Rau in Blackdemons zone.
6:26 of 2nd period - Backhand shot by Milan Bartovic.
6:26 of 2nd period - Stopped by Sebastien Caron without a rebound.
6:27 of 2nd period - Milan Bartovic wins face-off versus Noel Acciari in Blackdemons zone.
6:28 of 2nd period - Wrist shot by Cody McLeod.
6:28 of 2nd period - Shot Blocked by Andrew MacDonald.
6:38 of 2nd period - Slapshot by Noel Acciari.
6:38 of 2nd period - Shot Blocked by Willie Mitchell.
6:40 of 2nd period - Snap shot by Sergei Plotnikov.
6:40 of 2nd period - Shot Blocked by Matt Gilroy.
6:42 of 2nd period - Slapshot by Andrew MacDonald.
6:42 of 2nd period - Stopped by Philipp Grubauer with a rebound.
6:48 of 2nd period - Minor Penalty to Milan Bartovic for Tripping.
6:49 of 2nd period - Mike Zigomanis wins face-off versus Ben Maxwell in Rafales zone.
7:00 of 2nd period - Matt Gilroy is hit by Andrew MacDonald and loses puck.
7:05 of 2nd period - Slapshot by Matt Irwin.
7:05 of 2nd period - Stopped by Philipp Grubauer with a rebound.
8:14 of 2nd period - Steven Zalewski is hit by Jeff Skinner.
8:48 of 2nd period - Penalty to Milan Bartovic is over, Milan Bartovic is back on ice.
8:53 of 2nd period - Snap shot by Cody McLeod.
8:53 of 2nd period - Shot Misses the Net.
8:55 of 2nd period - Wrist shot by Willie Mitchell.
8:55 of 2nd period - Stopped by Sebastien Caron without a rebound.
8:56 of 2nd period - Kevin Veilleux wins face-off versus Noel Acciari in Blackdemons zone.
9:01 of 2nd period - Snap shot by Mike Sislo.
9:01 of 2nd period - Shot Misses the Net.
9:21 of 2nd period - Calvin de Haan is hit by Marc-André Gragnani and loses puck.
9:38 of 2nd period - Blake Pietila is hit by Petr Kalus.
10:01 of 2nd period - Icing by Michael Bournival.
10:02 of 2nd period - Steven Zalewski wins face-off versus Mike Zigomanis in Rafales zone.
10:11 of 2nd period - Snap shot by Cody McLeod.
10:11 of 2nd period - Stopped by Sebastien Caron without a rebound.
10:12 of 2nd period - Noel Acciari wins face-off versus Mike Zigomanis in Blackdemons zone.
10:22 of 2nd period - Slapshot by Matt Irwin.
10:22 of 2nd period - Stopped by Philipp Grubauer with a rebound.
11:26 of 2nd period - Slapshot by Matt Hunwick.
11:26 of 2nd period - Shot Blocked by Connor Murphy.
11:28 of 2nd period - Slapshot by Max Friberg.
11:28 of 2nd period - Shot Misses the Net.
11:35 of 2nd period - Icing by Kevin Veilleux.
11:36 of 2nd period - Kyle Rau wins face-off versus Mike Zigomanis in Rafales zone.
11:37 of 2nd period - Wrist shot by Andreas Martinsen.
11:37 of 2nd period - Shot Blocked by Mark Fayne.
11:39 of 2nd period - Snap shot by Andreas Martinsen.
11:39 of 2nd period - Shot Misses the Net.
11:53 of 2nd period - Mike Zigomanis is hit by Andreas Martinsen and loses puck.
12:10 of 2nd period - Snap shot by Sergei Plotnikov.
12:10 of 2nd period - Shot Hit the Post.
12:12 of 2nd period - Snap shot by Sergei Plotnikov.
12:12 of 2nd period - Deflect By Blake Pietila.
12:12 of 2nd period - Stopped by Philipp Grubauer without a rebound.
12:13 of 2nd period - Noel Acciari wins face-off versus Nathan Davis in Rafales zone.
12:26 of 2nd period - Snap shot by Jonathan Rheault.
12:26 of 2nd period - Shot Misses the Net.
12:28 of 2nd period - Wrist shot by Marc-André Gragnani.
12:28 of 2nd period - Stopped by Sebastien Caron with a rebound.
13:05 of 2nd period - Matt Irwin is hit by Mike Sislo and loses puck.
13:51 of 2nd period - Andreas Martinsen is hit by Cody McLeod and loses puck.
15:33 of 2nd period - Dan Bertram is hit by Jonathan Rheault and loses puck.
15:44 of 2nd period - Mike Zigomanis is hit by Matt Irwin.
16:53 of 2nd period - Max Friberg is hit by Cody McLeod and loses puck.
17:20 of 2nd period - Noel Acciari is hit by Matt Gilroy.
17:34 of 2nd period - Slapshot by Calvin de Haan.
17:34 of 2nd period - Shot Blocked by Willie Mitchell.
17:36 of 2nd period - Snap shot by Bryan Rust.
17:36 of 2nd period - Stopped by Philipp Grubauer without a rebound.
17:37 of 2nd period - Cody McLeod wins face-off versus Kyle Rau in Rafales zone.
17:37 of 2nd period - Cody McLeod is hit by Calvin de Haan.
17:48 of 2nd period - Penalty Shot by Matt Hunwick for Blackdemons.
17:48 of 2nd period - Backhand shot by Matt Hunwick.
17:48 of 2nd period - Stopped by Philipp Grubauer.
17:49 of 2nd period - Blake Pietila wins face-off versus Mike Zigomanis in Blackdemons zone.
17:49 of 2nd period - Blake Pietila is hit by Mike Zigomanis.
17:58 of 2nd period - Slapshot by Mike Zigomanis.
17:58 of 2nd period - Goal by Mike Zigomanis - Blackdemons : 1 - Rafales : 2.
17:59 of 2nd period - Cody McLeod wins face-off versus Noel Acciari in neutral zone.
18:51 of 2nd period - Snap shot by Mike Sislo.
18:51 of 2nd period - Shot Misses the Net.
19:11 of 2nd period - Snap shot by Johan Ryno.
19:11 of 2nd period - Stopped by Sebastien Caron with a rebound.
19:13 of 2nd period - Snap shot by Michael Bournival.
19:13 of 2nd period - Shot Blocked by Andrew MacDonald.
19:20 of 2nd period - Icing by Max Friberg.
19:21 of 2nd period - Mike Zigomanis wins face-off versus Ben Maxwell in Blackdemons zone.
19:22 of 2nd period - Backhand shot by Cody McLeod.
19:22 of 2nd period - Stopped by Sebastien Caron with a rebound.
19:24 of 2nd period - Snap shot by Willie Mitchell.
19:24 of 2nd period - Shot Blocked by Andrew MacDonald.
19:26 of 2nd period - Slapshot by Willie Mitchell.
19:26 of 2nd period - Stopped by Sebastien Caron with a rebound.
19:28 of 2nd period - Slapshot by Matt Gilroy.
19:28 of 2nd period - Shot Misses the Net.
19:30 of 2nd period - Snap shot by Mike Zigomanis.
19:30 of 2nd period - Shot Blocked by Max Friberg.
19:32 of 2nd period - Wrist shot by Cody McLeod.
19:32 of 2nd period - Deflect By Milan Bartovic.
19:32 of 2nd period - Stopped by Sebastien Caron without a rebound.
19:33 of 2nd period - Mike Zigomanis wins face-off versus Noel Acciari in Blackdemons zone.
19:42 of 2nd period - Slapshot by Cody McLeod.
19:42 of 2nd period - Shot Misses the Net.
19:44 of 2nd period - Snap shot by Milan Bartovic.
19:44 of 2nd period - Shot Misses the Net.
19:46 of 2nd period - Snap shot by Willie Mitchell.
19:46 of 2nd period - Shot Misses the Net.
Goals for this period are 1 for Blackdemons vs 1 for Rafales.
Shots for this period are 8 for Blackdemons vs 12 for Rafales.
3rd period
0:01 of 3rd period - Mike Zigomanis wins face-off versus Noel Acciari in neutral zone.
0:04 of 3rd period - Snap shot by Cody McLeod.
0:04 of 3rd period - Stopped by Sebastien Caron without a rebound.
0:05 of 3rd period - Blake Pietila wins face-off versus Mike Zigomanis in Blackdemons zone.
0:20 of 3rd period - Wrist shot by Andrew MacDonald.
0:20 of 3rd period - Deflect By Mike Zigomanis.
0:20 of 3rd period - Stopped by Philipp Grubauer without a rebound.
0:21 of 3rd period - Nathan Davis wins face-off versus Kyle Rau in Rafales zone.
0:26 of 3rd period - Wrist shot by Nathan Davis.
0:26 of 3rd period - Stopped by Sebastien Caron with a rebound.
0:28 of 3rd period - Minor Penalty to Andrew MacDonald for Hooking.
0:29 of 3rd period - Ben Maxwell wins face-off versus Mike Zigomanis in Blackdemons zone.
1:01 of 3rd period - Snap shot by Jonathan Rheault.
1:01 of 3rd period - Stopped by Sebastien Caron without a rebound.
1:02 of 3rd period - Ben Maxwell wins face-off versus Nathan Davis in Blackdemons zone.
1:07 of 3rd period - Slapshot by Matt Irwin.
1:07 of 3rd period - Deflect By Andreas Martinsen.
1:07 of 3rd period - Shot Misses the Net.
1:07 of 3rd period - Puck is out of play.
1:08 of 3rd period - Ben Maxwell wins face-off versus Mike Zigomanis in Rafales zone.
1:44 of 3rd period - Snap shot by Willie Mitchell.
1:44 of 3rd period - Shot Misses the Net.
1:46 of 3rd period - Slapshot by Nathan Davis.
1:46 of 3rd period - Deflect By Mike Sislo.
1:46 of 3rd period - Goal by Mike Sislo - Blackdemons : 1 - Rafales : 3.
1:47 of 3rd period - Mike Zigomanis wins face-off versus Noel Acciari in neutral zone.
2:15 of 3rd period - Minor Penalty to Kyle Rau for Tripping.
2:16 of 3rd period - Sergei Plotnikov wins face-off versus Mike Zigomanis in Blackdemons zone.
2:54 of 3rd period - Noel Acciari is hit by Cody McLeod and loses puck.
4:15 of 3rd period - Penalty to Kyle Rau is over, Kyle Rau is back on ice.
4:23 of 3rd period - Willie Mitchell is hit by Scott Wilson and loses puck.
4:52 of 3rd period - Calvin de Haan is hit by Michael Bournival and loses puck.
5:05 of 3rd period - Dan Bertram is hit by Nathan Davis and loses puck.
5:20 of 3rd period - Mark Fayne is hit by Matt Irwin.
5:38 of 3rd period - Nathan Davis is hit by Kyle Rau and loses puck.
6:02 of 3rd period - Mike Sislo is hit by Max Friberg and loses puck.
6:47 of 3rd period - Willie Mitchell is hit by Scott Wilson and loses puck.
7:10 of 3rd period - Icing by Matt Irwin.
7:11 of 3rd period - Ben Maxwell wins face-off versus Mike Zigomanis in Blackdemons zone.
7:34 of 3rd period - Sergei Plotnikov is hit by Mark Fayne and loses puck.
9:04 of 3rd period - Kyle Rau is hit by Mike Zigomanis and loses puck.
9:13 of 3rd period - Snap shot by Cody McLeod.
9:13 of 3rd period - Shot Misses the Net.
9:15 of 3rd period - Wrist shot by Cody McLeod.
9:15 of 3rd period - Goal by Cody McLeod - Blackdemons : 1 - Rafales : 4.
9:15 of 3rd period - Matt Hackett enters game.
9:16 of 3rd period - Noel Acciari wins face-off versus Mike Zigomanis in neutral zone.
9:21 of 3rd period - Slapshot by Matt Irwin.
9:21 of 3rd period - Stopped by Philipp Grubauer with a rebound.
9:48 of 3rd period - Slapshot by Marc-André Gragnani.
9:48 of 3rd period - Shot Misses the Net.
9:50 of 3rd period - Slapshot by Marc-André Gragnani.
9:50 of 3rd period - Stopped by Matt Hackett with a rebound.
10:02 of 3rd period - Snap shot by Johan Ryno.
10:02 of 3rd period - Shot Blocked by Matt Irwin.
10:04 of 3rd period - Slapshot by Michael Bournival.
10:04 of 3rd period - Shot Misses the Net.
11:46 of 3rd period - Calvin de Haan is hit by Cody McLeod and loses puck.
12:05 of 3rd period - Max Friberg is hit by Matt Gilroy and loses puck.
12:12 of 3rd period - Snap shot by Mike Sislo.
12:12 of 3rd period - Shot Blocked by Bryan Rust.
12:14 of 3rd period - Snap shot by Mike Sislo.
12:14 of 3rd period - Stopped by Matt Hackett with a rebound.
12:26 of 3rd period - Jeff Skinner is hit by Jeffrey Foss and loses puck.
12:55 of 3rd period - Kyle Rau is hit by Marc-André Gragnani and loses puck.
13:12 of 3rd period - Slapshot by Andrew MacDonald.
13:12 of 3rd period - Shot Misses the Net.
13:14 of 3rd period - Wrist shot by Bryan Rust.
13:14 of 3rd period - Shot Misses the Net.
13:16 of 3rd period - Wrist shot by Kyle Rau.
13:16 of 3rd period - Stopped by Philipp Grubauer with a rebound.
13:18 of 3rd period - Wrist shot by Kyle Rau.
13:18 of 3rd period - Stopped by Philipp Grubauer with a rebound.
13:24 of 3rd period - Wrist shot by Nathan Davis.
13:24 of 3rd period - Stopped by Matt Hackett with a rebound.
13:26 of 3rd period - Snap shot by Nathan Davis.
13:26 of 3rd period - Shot Misses the Net.
13:28 of 3rd period - Slapshot by Julian Melchiori.
13:28 of 3rd period - Stopped by Matt Hackett with a rebound.
13:30 of 3rd period - Snap shot by Nathan Davis.
13:30 of 3rd period - Shot Misses the Net.
13:32 of 3rd period - Slapshot by Marc-André Gragnani.
13:32 of 3rd period - Shot Misses the Net.
13:34 of 3rd period - Slapshot by Marc-André Gragnani.
13:34 of 3rd period - Deflect By Jonathan Rheault.
13:34 of 3rd period - Stopped by Matt Hackett with a rebound.
13:36 of 3rd period - Slapshot by Jeff Skinner.
13:36 of 3rd period - Stopped by Matt Hackett with a rebound.
13:38 of 3rd period - Slapshot by Julian Melchiori.
13:38 of 3rd period - Stopped by Matt Hackett with a rebound.
13:40 of 3rd period - Snap shot by Jonathan Rheault.
13:40 of 3rd period - Shot Misses the Net.
13:42 of 3rd period - Snap shot by Nathan Davis.
13:42 of 3rd period - Stopped by Matt Hackett with a rebound.
14:11 of 3rd period - Snap shot by Calvin de Haan.
14:11 of 3rd period - Stopped by Philipp Grubauer with a rebound.
14:25 of 3rd period - Backhand shot by Jonathan Rheault.
14:25 of 3rd period - Shot Misses the Net.
14:27 of 3rd period - Snap shot by Nathan Davis.
14:27 of 3rd period - Shot Misses the Net.
14:39 of 3rd period - Bryan Rust is hit by Jonathan Rheault and loses puck.
15:18 of 3rd period - Slapshot by Matt Hunwick.
15:18 of 3rd period - Shot Misses the Net.
15:30 of 3rd period - Slapshot by Jonathan Rheault.
15:30 of 3rd period - Shot Misses the Net.
16:19 of 3rd period - Snap shot by Nathan Davis.
16:19 of 3rd period - Shot Misses the Net.
16:21 of 3rd period - Slapshot by Julian Melchiori.
16:21 of 3rd period - Shot Misses the Net.
16:23 of 3rd period - Wrist shot by Jonathan Rheault.
16:23 of 3rd period - Stopped by Matt Hackett with a rebound.
16:29 of 3rd period - Snap shot by Nathan Davis.
16:29 of 3rd period - Stopped by Matt Hackett without a rebound.
16:30 of 3rd period - Noel Acciari wins face-off versus Mike Zigomanis in Blackdemons zone.
16:35 of 3rd period - Slapshot by Matt Irwin.
16:35 of 3rd period - Shot Misses the Net.
16:44 of 3rd period - Minor Penalty to Noel Acciari for Slashing.
16:45 of 3rd period - Ben Maxwell wins face-off versus Mike Zigomanis in Blackdemons zone.
18:44 of 3rd period - Penalty to Noel Acciari is over, Noel Acciari is back on ice.
18:57 of 3rd period - Scott Wilson is hit by Petr Kalus and loses puck.
19:22 of 3rd period - Kevin Veilleux is hit by Scott Wilson and loses puck.
19:55 of 3rd period - Ben Maxwell is hit by Milan Bartovic.
Goals for this period are 0 for Blackdemons vs 2 for Rafales.
Shots for this period are 5 for Blackdemons vs 15 for Rafales.
Back to the Top